 Dungeon Crawl Stone Soup version 0.29-a0-284-gf9362112df (webtiles) character file.

Game seed: 17422074311620361490

142 spaghetti the Skirmisher (level 5, -4/57 HPs)
             Began as an Ogre Fighter on Mar 20, 2022.
             Slain by Grinder (5 damage)
             ... while paralysed by Grinder
             ... on level 3 of the Dungeon.
             The game lasted 00:03:14 (2765 turns).

spaghetti the Skirmisher (Ogre Fighter)             Turns: 2765, Time: 00:03:14

Health: -4/57      AC:  4    Str: 21 (22) XL:     5   Next: 24%
Magic:  5/5        EV:  1    Int:  9      God:
Gold:   124        SH:  0    Dex:  5 (8)  Spells: 4/4 levels left

rFire   . . .      SeeInvis .   a - +0 flail {mace}
rCold   . . .      Faith    .   c - +0 kite shield
rNeg    . . .      Spirit   .   b - +0 robe
rPois   .          Reflect  .   (helmet restricted)
rElec   .          Harm     .   r - +0 cloak
rCorr   .          Rampage  .   (gloves unavailable)
Will    .....                   (boots unavailable)
Stlth   +.........              n - amulet of the acrobat
HPRegen 0.19/turn               (no ring)
MPRegen 0.09/turn               (no ring)

@: paralysed, flying, hasted
A: large, unfitting armour, tough skin 1
a: no special abilities


You were on level 3 of the Dungeon.
You visited 1 branch of the dungeon, and saw 3 of its levels.

You collected 124 gold pieces.


Innate Abilities, Weirdness & Mutations

You are too large for most types of armour.
You have tough skin. (AC +1)


   Skills:
 + Level 5.1 Fighting
 * Level 3.6 Maces & Flails
 + Level 2.0 Throwing
 - Level 2.6 Dodging
 - Level 2.6 Shields


You had 4 spell levels left.
You didn't know any spells.
Your spell library contained the following spells:

 Spells                   Type           Power      Damage    Failure   Level
 Magic Dart               Conj           0%         1d3       69%         1
 Call Imp                 Summ           0%         N/A       83%         2
 Mephitic Cloud           Conj/Pois/Air  0%         N/A       96%         3

Inventory:

Hand Weapons
 a - a +0 flail (weapon) {mace}
 e - a +0 whip {mace}
   (You found it on level 1 of the Dungeon)
 q - a +2 quarterstaff of chaos {staff}
   (You took it off Crazy Yiuf on level 2 of the Dungeon)
Missiles
 f - 83 stones (quivered) {throwing}
 i - 3 large rocks {=fthrowing}
Armour
 b - a +0 robe (worn)
 c - a +0 kite shield (worn)
 r - a +0 cloak (worn)
   (You took it off Crazy Yiuf on level 2 of the Dungeon)
Jewellery
 n - an amulet of the acrobat (around neck)
   (You found it on level 2 of the Dungeon)
Scrolls
 g - a scroll of immolation {unknown}
 j - 2 scrolls of blinking {!r}
 s - a scroll of fog {unknown}
Potions
 h - a potion of haste {@q3}

Dungeon Overview and Level Annotations

Branches:
Dungeon (3/15)

Altars:

Annotations:
D:3 Grinder

#.##.#####...##....
#.....†............
........####....##.###
.#.####.# #....# # #
### #....##.#
#.......###
##.)....... #5........
#@##...##. #.# ......
#.# ...... #.# .#.###
... .. #.# .# #.. ...
...


You could see Grinder (fast).


Message History

You take 1 damage, and now have 29/50 hp.
It was a potion of degeneration.
There was something very wrong with that liquid.
You feel weakened.
You feel dopey.
You feel clumsy. The hound bites you. x2 😮 HP[-1]
You take 1 damage, and now have 28/50 hp.
It was a potion of cancellation.
Your magical effects are unravelling.
You feel magically purged.
You feel a little less mighty now. The hound bites you but does no damage.
Grinder blinks!
It was a potion of curing.
You feel better.
The hound bites you. x2 😮 HP[+1] It was a potion of flight.
You feel very buoyant.
You fly up into the air.
The hound bites you but does no damage.
It was a potion of ambrosia.
You are confused.
You feel invigorated. The hound bites you. x2 😮 HP[-1]
You take 1 damage, and now have 28/50 hp.
You closely miss the hound. The hound bites you but does no damage.
The hound closely misses you. 😮 HP[+4]
You regained 4 hp, and now have 32/50 hp.
You bump into the rock wall.
You feel less invigorated.
You feel less confused.
The hound bites you but does no damage. 😮 HP[+4]
You regained 4 hp, and now have 36/50 hp.
You completely miss the hound. You block the hound's attack.
Grinder blinks!
The hound barely misses you.
You closely miss the hound. You block the hound's attack.
The hound stops to sniff the ground.
The hound barely misses you.
You hit the hound.
You kill the hound!
Grinder misses you.
You feel your intelligence returning.
Your Throwing skill increases to level 2!
You have reached level 5! 😮 HP[+5] MP[+1]
You now have 57 max hp (+7).
You regained 5 hp, and now have 41/57 hp.
Your mp is fully restored (5).
You closely miss Grinder.
Grinder says, "Don't move a muscle."
Grinder gestures at you. Pain shoots through your body!
Grinder hits you but does no damage. 😮 HP[-2]
You take 2 damage, and now have 39/57 hp.
You hit Grinder.
Grinder hits you. x2; You writhe in agony.
* * * LOW HITPOINT WARNING * * *
😨 HP[-13]
You take 13 damage, and now have 26/57 hp.
MASSIVE DAMAGE!! (PAUSE)
You closely miss Grinder. Grinder hits you.
* * * LOW HITPOINT WARNING * * *
You writhe in agony.
* * * LOW HITPOINT WARNING * * *
Grinder barely misses you. 😨 HP[-3]
You take 3 damage, and now have 23/57 hp.
You hit Grinder. Grinder hits you.
* * * LOW HITPOINT WARNING * * *
You writhe in agony.
* * * LOW HITPOINT WARNING * * *
Grinder says, "Are you a fish?" You block Grinder's attack. 😨 HP[-8]
You take 8 damage, and now have 15/57 hp.
You feel yourself speed up. Grinder hits you but does no damage.
Grinder gestures at you.
You resist with significant effort. 😨 HP[+1]
Okay, then.
You barely miss Grinder. Grinder gestures at you.
You resist with significant effort.
You hit Grinder but do no damage. Grinder gestures at you.
You resist with significant effort. Grinder gestures at you.
Pain shoots through your body!
* * * LOW HITPOINT WARNING * * *
😱 HP[-9]
You take 9 damage, and now have 7/57 hp.
Grinder attacks as you move away! You block Grinder's attack.
Grinder gestures at you.
You suddenly lose the ability to move!
Grinder blinks!
Grinder hits you.
* * * LOW HITPOINT WARNING * * *
Grinder hits you but does no damage. Grinder gestures at you.
You struggle to resist.
Grinder hits you.
* * * LOW HITPOINT WARNING * * *
You writhe in agony.
You die...

Skill      XL: |  1  2  3  4 |
---------------+-------------+-----
Maces & Flails | 2 3 |  3.6
Throwing       | 1 2 |  2.0
Fighting       | 5 |  5.1
Dodging        | |  2.6
Shields        | |  2.6

Action                   |  1- 3 |  4- 6 || total
-------------------------+-------+-------++-------
Melee: Flail             |    83 |    60 ||   143
Throw: Stone             |    20 |       ||    20
       Large rock        |     2 |       ||     2
  Use: Potion            |     2 |     7 ||     9
       Scroll            |     3 |       ||     3
 Stab: Sleeping          |     1 |       ||     1
Armor: Robe              |    25 |    23 ||    48
Dodge: Dodged            |    33 |    30 ||    63
Block: Kite shield       |    42 |    32 ||    74

Levels and vault maps discovered:
D:1:      lemuel_arrival_rhombus, layout_basic,
          shapermc_ecumenical_altar_totnotflames
D:2:      layout_loops_ring, uniq_terence, uniq_crazy_yiuf_cottage
D:3:      minmay_angry_zag, layout_basic, uniq_grinder, uniq_robin

Notes
Turn   | Place    | Note
-------+----------+-------------------------------------------
     0 | D:1      | spaghetti the Ogre Fighter began the quest for the Orb.
     0 | D:1      | Reached XP level 1. HP: 24/24 MP: 1/1
     0 | D:1      | magus.rc [v1.9.6]
    64 | D:1      | Reached skill level 2 in Maces & Flails
   160 | D:1      | You fall into a shaft and drop 1 floor!
   173 | D:2      | Reached XP level 2. HP: 24/32 MP: 2/2
   405 | D:1      | You pick up a book of Minor Magic and begin reading...
   405 | D:1      | You add the spells Magic Dart, Call Imp and Mephitic Cloud
                  | to your library.
   639 | D:1      | Found a faded altar of an unknown god.
  1157 | D:2      | Found a runed translucent door.
  1158 | D:2      | Noticed Crazy Yiuf
  1306 | D:2      | Noticed Terence
  1315 | D:2      | Killed Terence
  1316 | D:2      | Reached skill level 1 in Throwing
  1316 | D:2      | Reached XP level 3. HP: 26/40 MP: 3/3
  1723 | D:2      | Reached skill level 3 in Maces & Flails
  2027 | D:2      | Killed Crazy Yiuf
  2028 | D:2      | Reached XP level 4. HP: 42/49 MP: 4/4
  2147 | D:2      | HP: 11/49 [orc/+0 flail (3)]
  2499 | D:3      | Reached skill level 5 in Fighting
  2729 | D:3      | Noticed Grinder
  2735 | D:3      | Paralysed by Grinder for 2 turns
  2754 | D:3      | Reached skill level 2 in Throwing
  2754 | D:3      | Reached XP level 5. HP: 41/57 MP: 5/5
  2760 | D:3      | HP: 7/57 [Grinder/nerve-wracking pain (9)]
  2761 | D:3      | Paralysed by Grinder for 4 turns
  2763 | D:3      | HP: 2/57 [Grinder (6)]
  2765 | D:3      | Slain by Grinder

Vanquished Creatures
  Crazy Yiuf (D:2)
  A hound (D:3)
  Terence (D:2)
  2 adders (D:3)
  5 orcs
  3 bats
  2 endoplasms
  3 giant cockroaches (D:2)
  4 goblins
  4 hobgoblins
  4 ball pythons
  A frilled lizard (D:1)
  4 kobolds
  A rat (D:3)
36 creatures vanquished.

Table legend:
 A = Non-vault XP
 B = Vault XP
 C = Vault XP percentage of total XP
 D = Non-vault monster count
 E = Vault monster count
 F = Vault count percentage of total count
                 A         B        C        D         E       F
            +---------+---------+-------+---------+---------+-------
      Total |     126 |      77 |  37.9 |      34 |       2 |   5.6
            +---------+---------+-------+---------+---------+-------
        D:1 |      13 |       0 |   0.0 |       7 |       0 |   0.0
        D:2 |      35 |      77 |  68.8 |      18 |       2 |  10.0
        D:3 |      78 |       0 |   0.0 |       9 |       0 |   0.0
            +---------+---------+-------+---------+---------+-------

Illustrated notes

Table legend:
 A = Kills in this place as a percentage of kills in entire the game.
 B = Kills by you in this place as a percentage of kills by you in the entire game.
 C = Kills by friends in this place as a percentage of kills by friends in the entire game.
 D = Other kills in this place as a percentage of other kills in the entire game.
 E = Experience gained in this place as a percentage of experience gained in the entire game.
 F = Experience gained in this place divided by the number of levels of this place that you have seen.
                   A       B       C       D       E      F
               +-------+-------+-------+-------+-------+----------------------
         Total | 100.0 | 100.0 |   N/A |   N/A | 100.0 |  67.7
       Dungeon | 100.0 | 100.0 |   N/A |   N/A | 100.0 |  67.7
               +-------+-------+-------+-------+-------+----------------------

Table legend: (Time is in decaauts)
 A = Elapsed time spent in this place.
 B = Non-inter-level travel time spent in this place.
 C = Inter-level travel time spent in this place.
 D = Time resting spent in this place.
 E = Time spent auto-exploring this place.
 F = Levels seen in this place.
 G = Mean time per level.
                   A        B        C        D        E       F      G
               +--------+--------+--------+--------+--------+-----+--------+
         Total |   2830 |   2747 |     83 |    745 |   1589 |   3 |  943.3 |
       Dungeon |   2830 |   2747 |     83 |    745 |   1589 |   3 |  943.3 |
               +--------+--------+--------+--------+--------+-----+--------+

Top non-repeatable levels by time:
     D:2: 1539 daAuts
     D:1: 764 daAuts
     D:3: 527 daAuts
